BOTTOM OF THE 1ST |
Nantucket Orcas batting - Pitching for Kenosha Kingfish : RHP Anastasio Cervantes
|
Pitching: RHP Anastasio Cervantes
|
|
Batting: RHB Jorge Hernández
|
0-0: Foul Ball, location: 2F 0-1: Ground out 5-3 (Groundball, 5S)
|
Batting: RHB Ramón Díaz
|
0-0: Ball 1-0: Ball 2-0: Swinging Strike 2-1: Called Strike 2-2: Strikes out swinging
|
Batting: SHB Cory Campbell
|
0-0: Foul Ball, location: 2F 0-1: Swinging Strike 0-2: Ball 1-2: Ball 2-2: Foul Ball, location: 2F 2-2: Fly out, F6 (Line Drive, 56D)
|
Bottom of the 1st over - 0 run(s), 0 hit(s), 0 error(s), 0 left on base; Kenosha 5 - Nantucket 0 |
TOP OF THE 2ND |
Kenosha Kingfish batting - Pitching for Nantucket Orcas : RHP Pedro Santiago
|
Batting: RHB Tommy Davenport
|
0-0: Ball 1-0: SINGLE (Groundball, 56D)
|
Batting: RHB Manuel Gómez
|
0-0: Ball 1-0: Foul Ball, location: 2F 1-1: Called Strike 1-2: Ball 2-2: Strikes out swinging
|
Batting: SHB Alfonso Escasán
|
0-0: Ball 1-0: Swinging Strike 1-1: Foul Ball, location: 2F 1-2: Grounds into double play, 3-6-1 (Groundball, 3)
|
Top of the 2nd over - 0 run(s), 1 hit(s), 0 error(s), 0 left on base; Kenosha 5 - Nantucket 0 |
BOTTOM OF THE 2ND |
Nantucket Orcas batting - Pitching for Kenosha Kingfish : RHP Anastasio Cervantes
|
Batting: RHB Roberto Canó
|
0-0: Ball 1-0: Fly out, F9 (Flyball, 89M)
|
Batting: LHB Noah Gillespie
|
0-0: Ball 1-0: Swinging Strike 1-1: Ball 2-1: Foul Ball, location: 2F 2-2: Strikes out swinging
|
Batting: RHB César Osequedo
|
0-0: Ball 1-0: Ball 2-0: Ground out 5-3 (Groundball, 56S)
|
Bottom of the 2nd over - 0 run(s), 0 hit(s), 0 error(s), 0 left on base; Kenosha 5 - Nantucket 0 |
TOP OF THE 3RD |
Kenosha Kingfish batting - Pitching for Nantucket Orcas : RHP Pedro Santiago
|
Batting: RHB Francisco Martínez
|
0-0: Swinging Strike 0-1: Foul Ball, location: 2F 0-2: Fly out, F8 (Flyball, 8RS)
|
Batting: LHB Richard Brooks
|
0-0: Swinging Strike 0-1: Swinging Strike 0-2: Foul Ball, location: 2F 0-2: Strikes out swinging
|
Batting: RHB Matt Rodríguez
|
0-0: Fly out, F8 (Flyball, 8RXD)
|
Top of the 3rd over - 0 run(s), 0 hit(s), 0 error(s), 0 left on base; Kenosha 5 - Nantucket 0 |
BOTTOM OF THE 3RD |
Nantucket Orcas batting - Pitching for Kenosha Kingfish : RHP Anastasio Cervantes
|
Batting: LHB Eugene Lee
|
0-0: Ball 1-0: Called Strike 1-1: Foul Ball, location: 2F 1-2: SINGLE (Groundball, 34D)
|
Batting: RHB Domingo Hernández
|
0-0: Ball 1-0: Called Strike 1-1: Ball 2-1: Swinging Strike 2-2: Ball 3-2: SINGLE (Flyball, 9S) Eugene Lee to second Eugene Lee to third
|
Batting: RHB Anastasio Zartuche
|
0-0: Ball 1-0: SINGLE (Line Drive, 78M) Eugene Lee scores Domingo Hernández to second
|
Batting: RHB Jorge Hernández
|
0-0: Swinging Strike 0-1: Ball 1-1: Ball 2-1: Foul Ball, location: 2F 2-2: 3-RUN HOME RUN (Flyball, 7D), Distance : 373 ft
|
Batting: RHB Ramón Díaz
|
0-0: Ball 1-0: SINGLE (Line Drive, 78M)
|
Batting: SHB Cory Campbell
|
0-0: Called Strike 0-1: Ball 1-1: Ball 2-1: Called Strike 2-2: Strikes out looking
|
Batting: RHB Roberto Canó
|
0-0: Called Strike 0-1: Ball 1-1: Ball 2-1: Swinging Strike 2-2: Strikes out swinging
|
Batting: LHB Noah Gillespie
|
Pickoff Throw to First - Out!
|
Bottom of the 3rd over - 4 run(s), 5 hit(s), 0 error(s), 0 left on base; Kenosha 5 - Nantucket 4 |
TOP OF THE 4TH |
Kenosha Kingfish batting - Pitching for Nantucket Orcas : RHP Pedro Santiago
|
Batting: SHB Júlio Valentín
|
0-0: Foul Ball, location: 2F 0-1: Ball 1-1: Swinging Strike 1-2: Strikes out looking
|
Batting: SHB Devin Smith
|
0-0: Ball 1-0: Ground out 5-3 (Groundball, 56S)
|
Batting: RHB Sergio Mata
|
0-0: Ball 1-0: Ball 2-0: Swinging Strike 2-1: SINGLE (Groundball, 56D)
|
Batting: RHB Tommy Davenport
|
0-0: Called Strike 0-1: Ball 1-1: Foul Ball, location: 2F 1-2: Ball 2-2: Ball 3-2: SINGLE (Groundball, 34) Sergio Mata to second Sergio Mata to third
|
Batting: RHB Manuel Gómez
|
0-0: Called Strike 0-1: Foul Ball, location: 2F 0-2: Ball 1-2: SINGLE (Groundball, 34) Sergio Mata scores Tommy Davenport to second Runner from 2nd tries for 3rd, SAFE, throw made to third
|
Batting: SHB Alfonso Escasán
|
0-0: Ball 1-0: Ball 2-0: Ball 3-0: Called Strike 3-1: Base on Balls Manuel Gómez to second
|
Batting: RHB Francisco Martínez
|
0-0: Fielders Choice at 2nd, 4-6 (Groundball, 4MD)
|
Top of the 4th over - 1 run(s), 3 hit(s), 0 error(s), 2 left on base; Kenosha 6 - Nantucket 4 |
BOTTOM OF THE 4TH |
Nantucket Orcas batting - Pitching for Kenosha Kingfish : RHP Anastasio Cervantes
|
Batting: LHB Noah Gillespie
|
0-0: Called Strike 0-1: Foul Ball, location: 2F 0-2: Ground out 1-3 (Groundball, 13)
|
Batting: RHB César Osequedo
|
0-0: Fly out, F8 (Flyball, 8RM)
|
Batting: LHB Eugene Lee
|
0-0: Called Strike 0-1: Foul Ball, location: 2F 0-2: Ball 1-2: Foul Ball, location: 2F 1-2: Strikes out looking
|
Bottom of the 4th over - 0 run(s), 0 hit(s), 0 error(s), 0 left on base; Kenosha 6 - Nantucket 4 |
TOP OF THE 5TH |
Kenosha Kingfish batting - Pitching for Nantucket Orcas : RHP Pedro Santiago
|
Batting: LHB Richard Brooks
|
0-0: Called Strike 0-1: Foul Ball, location: 2F 0-2: Strikes out swinging
|
Batting: RHB Matt Rodríguez
|
0-0: Called Strike 0-1: Foul Ball, location: 2F 0-2: Foul Ball, location: 2F 0-2: Ball 1-2: SINGLE (Line Drive, 78S)
|
Pitching: RHP Sean Flynn
|
|
Batting: SHB Júlio Valentín
|
0-0: Foul Ball, location: 2F 0-1: Ball 1-1: Swinging Strike 1-2: Ball 2-2: Foul Ball, location: 2F 2-2: Strikes out looking
|
Batting: SHB Devin Smith
|
0-0: Ball 1-0: Ball 2-0: Called Strike 2-1: Ball 3-1: Base on Balls Matt Rodríguez to second
|
Batting: RHB Sergio Mata
|
0-0: Swinging Strike 0-1: Ball 1-1: Foul Ball, location: 2F 1-2: 3-RUN HOME RUN (Flyball, 7D), Distance : 380 ft
|
Batting: RHB Tommy Davenport
|
0-0: Ball 1-0: Ball 2-0: Foul Ball, location: 2F 2-1: Called Strike 2-2: Ball 3-2: Foul Ball, location: 2F 3-2: Base on Balls
|
Batting: RHB Manuel Gómez
|
0-0: Ball 1-0: Called Strike 1-1: Ball 2-1: Swinging Strike 2-2: Foul Ball, location: 2F 2-2: Fly out, F3 (Popup, 3L)
|
Top of the 5th over - 3 run(s), 2 hit(s), 0 error(s), 1 left on base; Kenosha 9 - Nantucket 4 |
BOTTOM OF THE 5TH |
Nantucket Orcas batting - Pitching for Kenosha Kingfish : RHP Anastasio Cervantes
|
Batting: RHB Domingo Hernández
|
0-0: Ball 1-0: Foul Ball, location: 2F 1-1: Called Strike 1-2: Ball 2-2: Strikes out swinging
|
Batting: RHB Anastasio Zartuche
|
0-0: Called Strike 0-1: Ball 1-1: Ball 2-1: SINGLE (Groundball, 6M)
|
Batting: RHB Jorge Hernández
|
0-0: Called Strike 0-1: Called Strike 0-2: Strikes out looking
|
Batting: RHB Ramón Díaz
|
0-0: Called Strike 0-1: Foul Ball, location: 2F 0-2: Fly out, F7 (Flyball, 7M)
|
Bottom of the 5th over - 0 run(s), 1 hit(s), 0 error(s), 1 left on base; Kenosha 9 - Nantucket 4 |
TOP OF THE 6TH |
Kenosha Kingfish batting - Pitching for Nantucket Orcas : RHP Sean Flynn
|
Batting: SHB Alfonso Escasán
|
0-0: Ball 1-0: Ball 2-0: SINGLE (Groundball, 34D)
|
Batting: RHB Francisco Martínez
|
0-0: Ball 1-0: Ball 2-0: Ball 3-0: Called Strike 3-1: Base on Balls Alfonso Escasán to second
|
Batting: LHB Richard Brooks
|
0-0: Swinging Strike 0-1: Called Strike 0-2: Ball 1-2: Strikes out swinging
|
Batting: RHB Matt Rodríguez
|
0-0: Called Strike 0-1: Ball 1-1: Ball 2-1: Foul Ball, location: 2F 2-2: Foul Ball, location: 2F 2-2: Strikes out swinging
|
Batting: SHB Júlio Valentín
|
0-0: Foul Ball, location: 2F 0-1: Swinging Strike 0-2: Strikes out swinging
|
Top of the 6th over - 0 run(s), 1 hit(s), 0 error(s), 2 left on base; Kenosha 9 - Nantucket 4 |
BOTTOM OF THE 6TH |
Nantucket Orcas batting - Pitching for Kenosha Kingfish : RHP Anastasio Cervantes
|
Batting: SHB Cory Campbell
|
0-0: Swinging Strike 0-1: Ball 1-1: Called Strike 1-2: Ball 2-2: Fly out, F7 (Flyball, 7LD)
|
Batting: RHB Roberto Canó
|
0-0: Called Strike
|
|
|
|
0-1: Swinging Strike 0-2: Strikes out swinging
|
Batting: LHB Noah Gillespie
|
0-0: Ball 1-0: Ball 2-0: Called Strike 2-1: Ball 3-1: Base on Balls
|
Pitching: RHP Paul Pothecary
|
|
Batting: RHB César Osequedo
|
0-0: Called Strike 0-1: Called Strike 0-2: Ball 1-2: Strikes out swinging
|
Bottom of the 6th over - 0 run(s), 0 hit(s), 0 error(s), 1 left on base; Kenosha 9 - Nantucket 4 |
TOP OF THE 7TH |
Kenosha Kingfish batting - Pitching for Nantucket Orcas : RHP Sean Flynn
|
Pitching: LHP Ray Morgan
|
|
Batting: SHB Devin Smith
|
0-0: SOLO HOME RUN (Flyball, 9LD), Distance : 356 ft
|
Batting: RHB Sergio Mata
|
0-0: Called Strike 0-1: Ball 1-1: Fly out, F8 (Flyball, 8LM)
|
Batting: RHB Tommy Davenport
|
0-0: Called Strike 0-1: SINGLE (Line Drive, 7LM)
|
Batting: RHB Manuel Gómez
|
0-0: Called Strike 0-1: Ball 1-1: Ball 2-1: Ball 3-1: Base on Balls Tommy Davenport to second
|
Batting: SHB Alfonso Escasán
|
0-0: Called Strike 0-1: Ball 1-1: Ball 2-1: Swinging Strike 2-2: Foul Ball, location: 2F 2-2: Ball 3-2: Ground out U3 (Groundball, 3S) Tommy Davenport to third Manuel Gómez to second
|
Batting: RHB Francisco Martínez
|
0-0: SINGLE (Line Drive, 9LS) Tommy Davenport scores Manuel Gómez to third Runner from 3rd tries for Home, SAFE, no throw or cutoff
|
Pitching: RHP Bo Wagner
|
|
Batting: LHB Richard Brooks
|
0-0: Called Strike 0-1: Fly out, F1 (Line Drive, 15)
|
Top of the 7th over - 3 run(s), 3 hit(s), 0 error(s), 1 left on base; Kenosha 12 - Nantucket 4 |
BOTTOM OF THE 7TH |
Nantucket Orcas batting - Pitching for Kenosha Kingfish : RHP Paul Pothecary
|
Batting: LHB Eugene Lee
|
0-0: Ball 1-0: SINGLE (Groundball, 4MD)
|
Batting: RHB Domingo Hernández
|
0-0: Fly out, F8 (Line Drive, 8LXD)
|
Batting: RHB Anastasio Zartuche
|
0-0: Called Strike 0-1: Called Strike 0-2: Ball 1-2: Fly out, F7 (Flyball, 78M) 1-2: Fly out, F7 (Flyball, 78M)
|
Batting: RHB Jorge Hernández
|
0-0: Ball 1-0: Foul Ball, location: 2F 1-1: Ball 2-1: SINGLE (Groundball, 34D) Eugene Lee to second Runner from 2nd tries for 3rd, SAFE, no throw or cutoff
|
Batting: RHB Ramón Díaz
|
0-0: Foul Ball, location: 2F 0-1: Ball 1-1: Ball 2-1: Ball 3-1: SINGLE (Groundball, 56D) Eugene Lee scores Jorge Hernández to second Runner from 2nd tries for 3rd, SAFE, throw made to third
|
Now in LF: José Vargas
|
|
Batting: SHB Cory Campbell
|
0-0: Ball 1-0: Ball 2-0: Ball 3-0: Base on Balls Ramón Díaz to second
|
Batting: RHB Roberto Canó
|
0-0: Ground out 6-3 (Groundball, 6S)
|
Bottom of the 7th over - 1 run(s), 3 hit(s), 0 error(s), 3 left on base; Kenosha 12 - Nantucket 5 |
TOP OF THE 8TH |
Kenosha Kingfish batting - Pitching for Nantucket Orcas : RHP Bo Wagner
|
Batting: RHB Matt Rodríguez
|
0-0: Ball 1-0: Called Strike 1-1: Swinging Strike 1-2: Hit by Pitch
|
Batting: SHB Júlio Valentín
|
0-0: Ball 1-0: Called Strike 1-1: Sac Bunt - play at first, batter OUT! 3-4 Matt Rodríguez to second
|
Batting: SHB Devin Smith
|
0-0: Ball 1-0: Ball 2-0: Foul Ball, location: 2F 2-1: Ball 3-1: Base on Balls
|
Batting: RHB Sergio Mata
|
0-0: Called Strike 0-1: Ball 1-1: Ball 2-1: Ball 3-1: Base on Balls Matt Rodríguez to third Devin Smith to second
|
Batting: RHB José Vargas
|
0-0: Called Strike 0-1: Ball 1-1: Swinging Strike 1-2: Strikes out looking
|
Batting: RHB Manuel Gómez
|
0-0: Ball 1-0: Foul Ball, location: 2F 1-1: Foul Ball, location: 2F 1-2: Strikes out swinging
|
Top of the 8th over - 0 run(s), 0 hit(s), 0 error(s), 3 left on base; Kenosha 12 - Nantucket 5 |
BOTTOM OF THE 8TH |
Nantucket Orcas batting - Pitching for Kenosha Kingfish : RHP Paul Pothecary
|
Batting: LHB Noah Gillespie
|
0-0: Called Strike 0-1: Ball 1-1: Ball 2-1: Fly out, F7 (Flyball, 78S)
|
Batting: RHB César Osequedo
|
0-0: Called Strike 0-1: Ball 1-1: Swinging Strike 1-2: Reached on Error, E9 (Flyball, 9LM)
|
Batting: LHB Eugene Lee
|
0-0: Foul Ball, location: 2F 0-1: TRIPLE (Line Drive, 9LM) César Osequedo scores
|
Batting: RHB Domingo Hernández
|
0-0: Fly out, F7 (Flyball, 78M) Runner from 3rd tags up, SCORES, no throw
|
Pitching: RHP Aubrey Hudson
|
|
Batting: RHB Anastasio Zartuche
|
0-0: Ball 1-0: Foul Ball, location: 2F 1-1: Ball 2-1: Foul Ball, location: 2F 2-2: Strikes out swinging
|
Bottom of the 8th over - 2 run(s), 1 hit(s), 1 error(s), 0 left on base; Kenosha 12 - Nantucket 7 |
TOP OF THE 9TH |
Kenosha Kingfish batting - Pitching for Nantucket Orcas : RHP Bo Wagner
|
Batting: SHB Alfonso Escasán
|
0-0: Ball 1-0: Called Strike 1-1: Swinging Strike 1-2: Strikes out swinging
|
Batting: RHB Francisco Martínez
|
0-0: Called Strike 0-1: Ball 1-1: Foul Ball, location: 2F 1-2: Ground out 4-3 (Groundball, 4)
|
Batting: LHB Richard Brooks
|
0-0: Ball 1-0: Foul Ball, location: 2F 1-1: Ball 2-1: Fly out, F7 (Line Drive, 78M)
|
Top of the 9th over - 0 run(s), 0 hit(s), 0 error(s), 0 left on base; Kenosha 12 - Nantucket 7 |
BOTTOM OF THE 9TH |
Nantucket Orcas batting - Pitching for Kenosha Kingfish : RHP Aubrey Hudson
|
Pitching: RHP Edwin Manning
|
|
Batting: RHB Jorge Hernández
|
0-0: Ball 1-0: Foul Ball, location: 2F 1-1: Foul Ball, location: 2F 1-2: Strikes out swinging
|
Batting: RHB Ramón Díaz
|
0-0: Called Strike 0-1: Ball 1-1: Ball 2-1: Foul Ball, location: 2F 2-2: Ball 3-2: Strikes out swinging
|
Batting: SHB Cory Campbell
|
0-0: Foul Ball, location: 2F 0-1: Ball 1-1: Ball 2-1: Foul Ball, location: 2F 2-2: Ball 3-2: Base on Balls
|
Batting: RHB Roberto Canó
|
0-0: Ball 1-0: Foul Ball, location: 2F 1-1: Ball 2-1: Ground out 6-3 (Groundball, 6)
|
Bottom of the 9th over - 0 run(s), 0 hit(s), 0 error(s), 1 left on base; Kenosha 12 - Nantucket 7 |
|
Monday, December 5th, 2016 - OOTP Baseball 17.12 Build 75
|
|